Unix NetHack Version 5.0.0-0 post-release - last build Jul 14 2026 02:55:29 (1809b74e8187c3a3585e283601c3028b46cbbdcb,branch:main).

Game began 2026-07-15 20:14:22, ended 2026-07-15 21:04:23.

Jinnora, neutral female human Wizard

               ---------------
               |......$......|
               |.............|
               |.............|
               -.-+-----------
                ####:@#
                  #
                  #
                ###
                #
         -------.--
         |........|
         |........|
         ....<....|
         |.........
         ----------

Jinnora the Conjurer      St:12 Dx:14 Co:13 In:18 Wi:11 Ch:9  Neutral
Dlvl:5  $:24 HP:0(23) Pw:24(24) AC:9  Xp:3/50 T:1799  Fainted  Deaf

Latest messages:
 You faint from lack of food.
 You regain consciousness.
 You descend the stairs.
 You faint from lack of food.
 You regain consciousness.
 You faint from lack of food.
 You regain consciousness.
 You faint from lack of food.
 You regain consciousness.
 You faint from lack of food.
 You regain consciousness.
 You can hear again.
 You faint from lack of food.
 You regain consciousness.
 You faint from lack of food.
 You regain consciousness.
 You see here a potion of speed.
 You faint from lack of food.
 You regain consciousness.
 You learn more about your items by comparing them.
 h - an uncursed potion of speed (2 in total).
 You faint from lack of food.
 You regain consciousness.
 What do you want to drink? [f-hqyA or ?*] h
 You are suddenly moving much faster.
 Your quickness feels very natural.
 You can hear again.
 You faint from lack of food.
 You regain consciousness.
 You faint from lack of food.
 You regain consciousness.
 You can hear again.
 You faint from lack of food.
 You regain consciousness.
 You can hear again.
 You faint from lack of food.
 You dream that you feel yourself slow down a bit.
 You regain consciousness.
 You can hear again.
 You faint from lack of food.
 The iguana bites!
 The iguana bites!
 The iguana bites!
 The iguana bites!
 The iguana bites!
 The iguana bites!
 The iguana bites!
 The iguana bites!
 You die...
 Do you want your possessions identified? [ynq] (y) q

Inventory:
 Coins    ('$')
  $ - 24 gold pieces
 Weapons  (')')
  a - a blessed +1 quarterstaff (weapon in hands)
 Armor    ('[')
  b - an uncursed +0 cloak of magic resistance (being worn)
  o - a blessed +1 studded leather armor
 Scrolls  ('?')
  k - an uncursed scroll of earth
  r - 2 uncursed scrolls of enchant weapon
  B - an uncursed scroll of identify
  p - a cursed scroll of identify
  i - a blessed scroll of magic mapping
  j - an uncursed scroll of remove curse
 Spellbooks  ('+')
  v - an uncursed spellbook of cure sickness
  l - a blessed spellbook of force bolt
  m - an uncursed spellbook of wizard lock
 Potions  ('!')
  g - an uncursed potion of full healing
  A - a cursed potion of gain ability
  q - an uncursed potion of healing
  y - an uncursed potion of oil
  f - an uncursed potion of sleeping
  h - an uncursed potion of speed
 Rings    ('=')
  e - an uncursed ring of poison resistance
  d - an uncursed ring of see invisible
 Wands    ('/')
  u - an uncursed wand of speed monster (0:5)
  c - an uncursed wand of teleportation (0:7)
 Tools    ('(')
  F - a cursed brass lantern
  n - an uncursed magic marker (0:19)
  E - an uncursed tin whistle
 Gems/Stones  ('*')
  G - an uncursed worthless piece of orange glass
  s - an uncursed worthless piece of red glass
  C - an uncursed worthless piece of violet glass
  t - 2 uncursed worthless pieces of yellow glass

Jinnora the Wizard's attributes:

Background:
 You were a Conjurer, a level 3 female human Wizard.
 You were neutral, on a mission for Thoth
 who was opposed by Ptah (lawful) and Anhur (chaotic).
 You were right-handed.
 You were in the Dungeons of Doom, on level 5.
 You entered the dungeon 1799 turns ago.
 There was a new moon in effect when your adventure ended.
 You had 50 experience points, 30 more were needed to attain level 4.

Basics:
 You had 0 out of 23 hit points.
 You had all 24 energy points (spell power).
 Your armor class was 9.
 Your wallet contained 24 zorkmids.
 Autopickup was off.

Final Characteristics:
 Your strength was 12 (base:13, limit:18/100).
 Your dexterity was 14 (limit:18).
 Your constitution was 13 (limit:18).
 Your intelligence was 18 (limit:18).
 Your wisdom was 11 (limit:18).
 Your charisma was 9 (limit:18).

Final Status:
 You were deaf.
 You were fainted due to starvation.
 You were unencumbered.
 You were wielding a quarterstaff.
 You had basic skill with quarterstaff.

Final Attributes:
 You had transgressed.
 You were magic-protected.
 You were warded.
 You were fast.
 You are dead.

Miscellaneous:
 You didn't encounter any bones levels.
 Total elapsed playing time was 6 minutes and 8 seconds.

Major events:
 Turn
    1: Jinnora the neutral female human Wizard entered the dungeon
  743: attained the rank of Conjurer (level 3)
 1799: killed by an iguana, while fainted from lack of food

Spells:
 Name                 Level Category     Fail Retention
 force bolt             1   attack         0%  91%-100%
 wizard lock            2   matter        43%  76%-100%
 cure sickness          3   healing       79%  76%-100%

Skills:
 Fighting Skills
   bare handed combat [Unskilled]
   riding             [Unskilled]
 Weapon Skills
   dagger             [Unskilled]
   knife              [Unskilled]
   axe                [Unskilled]
   short sword        [Unskilled]
   club               [Unskilled]
   mace               [Unskilled]
   quarterstaff       [Basic]
   polearms           [Unskilled]
   spear              [Unskilled]
   trident            [Unskilled]
   sling              [Unskilled]
   dart               [Unskilled]
   shuriken           [Unskilled]
 Spellcasting Skills
   attack spells      [Basic]
   healing spells     [Unskilled]
   divination spells  [Unskilled]
   enchantment spells [Basic]
   clerical spells    [Unskilled]
   escape spells      [Unskilled]
   matter spells      [Unskilled]

Voluntary challenges:
 Character rerolling was not enabled.
 You never genocided any monsters.
 You never polymorphed an object.
 You never changed form.
 You used no wishes.
Achievement:
 You attained the rank of Conjurer.

 The Dungeons of Doom: levels 1 to 5
    Level 1:
       An altar to Thoth.
    Level 2:
       A sink.
    Level 3:
    Level 4:
    Level 5: <- You were here.
       Final resting place for
          you, killed by an iguana, while fainted from lack of food.


Vanquished creatures:
  a kitten
  a gas spore
  a green mold
  a gecko
  6 jackals
  a fox
  2 goblins
  3 grid bugs
  a lichen
  7 newts
24 creatures vanquished.

No species were genocided or became extinct.

Game over:
                       ----------
                      /          \
                     /    REST    \
                    /      IN      \
                   /     PEACE      \
                  /                  \
                  |     Jinnora      |
                  |      24 Au       |
                  |   killed by an   |
                  |      iguana      |
                  |                  |
                  |                  |
                  |       2026       |
                 *|     *  *  *      | *
        _________)/\\_//(\/(/\)/\//\/|_)_______

Goodbye Jinnora the Wizard...

You died in The Dungeons of Doom on dungeon level 5 with 422 points,
and 24 pieces of gold, after 1799 moves.
You were level 3 with a maximum of 23 hit points when you died.

